 Dungeon Crawl Stone Soup version 0.24-a0-368-g0e0cebd0f3 (webtiles) character file.

Game seed: 17842928760627698272

2942 Ijustatesigmund the Cudgeler (level 9, -2/64 HPs)
             Began as an Octopode Fighter on May 29, 2019.
             Was an Initiate of Cheibriados.
             Slain by a warg (11 damage)
             ... on level 7 of the Dungeon.
             The game lasted 00:11:29 (6371 turns).

Ijustatesigmund the Cudgeler (Octopode Fighter)     Turns: 6371, Time: 00:11:29

Health: -2/64      AC:  1    Str: 17    XL:     9   Next: 80%
Magic:  9/10       EV: 22    Int: 11    God:    Cheibriados [......]
Gold:   285        SH: 12    Dex: 20    Spells: 7/8 levels left

rFire    . . .     SeeInvis .   a - +4 flail (venom)
rCold    . . .     Gourm    .   b - +1 shield
rNeg     . . .     Faith    .   (helmet restricted)
rPois    .         Spirit   .   (no amulet)
rElec    .         Reflect  .   (no ring)
rCorr    .         Harm     .   (no ring)
MR       .....                  (no ring)
Stlth    ++++......             (no ring)
HPRegen  0.20/turn              (no ring)
MPRegen  0.12/turn              (no ring)
                                (no ring)
                                (no ring)

@: agile, very slow
A: almost no armour, stealthy swim, amphibious, 8 rings, constrict 8, camouflage
1, gelatinous body 1
a: Bend Time, Renounce Religion


You were on level 7 of the Dungeon.
You worshipped Cheibriados.
Cheibriados was noncommittal.
You were hungry.

You visited 2 branches of the dungeon, and saw 9 of its levels.

You collected 285 gold pieces.

Inventory:

Hand Weapons
 a - a +4 flail of venom (weapon)
Armour
 b - a +1 shield (worn)
 q - the +1 shield "Buaqor" {rElec rPois Dex-4 Stlth+}
   (You found it on level 4 of the Dungeon)

   It affects your dexterity (-4).
   It insulates you from electricity.
   It protects you from poison.
   It makes you more stealthy.
Jewellery
 t - an uncursed ring of wizardry
Wands
 o - a wand of polymorph (12)
 s - a wand of paralysis (4)
Scrolls
 e - 2 scrolls of identify
 f - a scroll of magic mapping
 g - a scroll of fog
 h - 6 scrolls of enchant armour
 r - a scroll of immolation
 u - 2 scrolls of remove curse
Potions
 c - 3 potions of brilliance
 j - 2 potions of curing
 m - 2 potions of lignification
 p - 2 potions of haste
Comestibles
 d - 21 rations


   Skills:
 - Level 7.3 Fighting
 - Level 7.5 Maces & Flails
 - Level 6.7 Dodging
 + Level 2.0 Stealth
 - Level 6.7 Shields
 + Level 1.4 Invocations


You had 7 spell levels left.
You knew the following spells:

 Your Spells              Type           Power        Failure   Level  Hunger
a - Beastly Appendage     Tmut           #.....       71%         1    ##.....

Your spell library contained the following spells:

 Spells                   Type           Power        Failure   Level  Hunger
 Sticks to Snakes         Tmut           #.......     83%         2    ###....
 Spider Form              Tmut/Pois      #.........   97%         3    ####...
 Ice Form                 Ice/Tmut       #.......     100%        4    #####..
 Blade Hands              Tmut           #.........   100%        5    ######.


Dungeon Overview and Level Annotations

Branches:
Dungeon (8/15)             Temple (1/1) D:7
   Lair: D:8-11

Altars:
Cheibriados
Dithmenos
Elyvilon
Fedhas
Gozag
Hepliaklqana
Kikubaaqudgha
Makhleb
Nemelex Xobeh
Okawaru
Qazlal
Ru
Trog
Uskayaw
Vehumet
Wu Jian
Xom
Yredelemnul
Zin
The Shining One

Annotations:
D:7 1 runed translucent door, Stiffzip's ghost, novice FoHu


Innate Abilities, Weirdness & Mutations

You cannot wear most types of armour.
You are very stealthy in the water. (Stealth+)
You are amphibious.
You can wear up to eight rings at the same time.
You can use your tentacles to constrict eight enemies at once.
Your skin changes colour to match your surroundings (Stealth+).
Your rubbery body absorbs attacks. (AC +1, EV +1)


Message History

You barely miss the warg. The warg closely misses you.
The warg pauses to sniff the ground.
You block the warg's attack. x2; The warg closely misses you.
The warg bites you!
* * * LOW HITPOINT WARNING * * *
Your shield prevents you from hitting the warg.
You squeeze the warg!
You kill the warg!
Cheibriados thoroughly appreciates the change of pace.
Your Stealth skill gained 2 levels and is now at level 2!
Your Invocations skill increases to level 1!
You block the warg's attack. x3; The warg closely misses you.
You hit the warg but do no damage. You squeeze the warg!
The warg is moderately wounded.
You block the warg's attack. The warg closely misses you. x2
You block the warg's attack. The warg closely misses you.
You closely miss the warg.
The warg is moderately wounded.
The warg bites you!
You die...

........## ##.##
.###.....###..≈##
..##).#..##§..≈≈#
......#..#§≈...≈####
##.##....#≈≈≈..###.##
#...####.##§≈..###..#
.....##..##≈....##..##
......#..###...†##...####
.._...#..[.....h@.......#
......#.#......hh.......#
.....#####..............#
#...##.......#.......#.##
##########...##......###
.........#...##......###
...........###...#.....##
......##...#....##..##..#
................##..###.##


You could see 3 wargs.

Vanquished Creatures
  Pikel (D:5)
  3 hogs
  A yak (D:6)
  A human (D:7)
  Menkaure (D:5)
  A warg (D:7)
  An orc warrior (D:7)
  A necrophage (D:3)
  3 ice beasts
  2 ogres
  3 centaurs
  2 bullfrogs
  A howler monkey (D:5)
  A bullfrog zombie (D:8)
  3 hounds
  2 jellies (D:7)
  2 bullfrog skeletons
  3 orc priests (D:7)
  An iguana (D:4)
  Natasha (twice) (D:3)
  2 worker ants
  A gnoll (D:5)
  3 adders
  3 worms
  A dart slug (D:1)
  3 leopard geckos
  6 orcs
  2 ball pythons (D:1)
  4 giant cockroaches
  4 goblins
  8 hobgoblins
  4 jackals (D:4)
  4 quokkas
  10 bats
  5 frilled lizards
  A jackal skeleton (D:6)
  7 kobolds
  A leopard gecko skeleton (D:4)
  9 rats
113 creatures vanquished.

Vanquished Creatures (others)
  2 slaves (D:5)
  A gnoll shaman (D:5)
  3 gnolls (D:5)
6 creatures vanquished.

Grand Total: 119 creatures vanquished

Notes
Turn   | Place    | Note
-------+----------+-------------------------------------------
     0 | D:1      | Ijustatesigmund the Octopode Fighter began the quest for
                  | the Orb.
     0 | D:1      | Reached XP level 1. HP: 16/16 MP: 1/1
   141 | D:1      | Reached XP level 2. HP: 21/21 MP: 2/2
   345 | D:1      | Reached XP level 3. HP: 23/26 MP: 3/3
  1328 | D:2      | Noticed a centaur
  1333 | D:2      | Killed a centaur
  1333 | D:2      | Reached XP level 4. HP: 17/33 MP: 4/4
  1333 | D:2      | Reached XP level 5. HP: 19/37 MP: 5/5
  1982 | D:3      | Noticed Natasha
  1988 | D:3      | Killed Natasha
  2292 | D:3      | Noticed a necrophage
  2296 | D:3      | Killed a necrophage
  2296 | D:3      | Reached XP level 6. HP: 32/44 MP: 6/6
  2421 | D:3      | Found a bloodstained altar of Trog.
  2490 | D:3      | Noticed Natasha
  2495 | D:3      | Killed Natasha
  2649 | D:4      | Got a smoking shield
  2655 | D:4      | Identified the +1 shield "Buaqor" {rElec rPois Dex-4
                  | Stlth+} (You found it on level 4 of the Dungeon)
  3113 | D:5      | Entered Level 5 of the Dungeon
  3113 | D:5      | Noticed Pikel
  3113 | D:5      | Noticed a slave
  3113 | D:5      | Noticed a slave
  3121 | D:5      | Killed Pikel
  3121 | D:5      | Reached skill level 5 in Fighting
  3121 | D:5      | Reached skill level 5 in Maces & Flails
  3121 | D:5      | Reached XP level 7. HP: 38/50 MP: 7/7
  3185 | D:5      | Reached XP level 8. HP: 53/56 MP: 8/8
  3305 | D:5      | Noticed Blork the orc
  3559 | D:5      | Learned a level 1 spell: Beastly Appendage
  3573 | D:5      | Reached skill level 5 in Dodging
  3573 | D:5      | Reached skill level 5 in Shields
  3589 | D:5      | Noticed Blork
  3589 | D:5      | Blork the orc changed into Blork the bullfrog
  3594 | D:5      | Killed Blork the bullfrog
  4122 | D:5      | Noticed Menkaure
  4127 | D:5      | Killed Menkaure
  4848 | D:7      | Found a sacrificial altar of Ru.
  4854 | D:7      | Reached XP level 9. HP: 56/63 MP: 9/9
  4986 | D:7      | Found a white marble altar of Elyvilon.
  5787 | D:7      | Found a runed translucent door.
  5788 | D:7      | Noticed Stiffzip's ghost (novice FoHu)
  6123 | D:7      | Found an opulent altar of Gozag.
  6124 | D:7      | Found a burning altar of Makhleb.
  6126 | D:7      | Found a sacrificial altar of Ru.
  6147 | D:7      | Found a staircase to the Ecumenical Temple.
  6153 | Temple   | Entered the Ecumenical Temple
  6283 | Temple   | Became a worshipper of Cheibriados the Contemplative
  6364 | D:7      | HP: 3/64 [warg (17)]
  6369 | D:7      | Reached skill level 1 in Invocations
  6371 | D:7      | Slain by a warg

Levels and vault maps discovered:
D:1:      kennysheep_arrival_seaside, layout_rooms
D:2:      layout_rooms
D:3:      layout_loops_corners, trog_three_pillars_becter, uniq_natasha
D:4:      layout_rooms, first_ration
D:5:      layout_basic, uniq_menkaure, uniq_blork_the_orc, uniq_pikel
D:6:      layout_basic
D:7:      layout_cave_pools, nicolae_overflow_hidden_temple, lemuel_round_altar,
          minmay_temple_entry_fiery, gammafunk_ghost_grave, grunt_livestock,
          chequers_serial_rivers_large_a, minmay_misc_feat_four_crosses,
          nicolae_ru_sacrificial_ziggurat
D:8:      lemuel_castle_with_subvaults [lemuel_castle_interior_carwin_3],
          layout_rooms, old_standard_altar, serial_shops, shop, uniq_psyche
Temple:   nicolae_temple_elliptical

Skill      XL: |  1  2  3  4  5  6  7  8  9 |
---------------+----------------------------+-----
Maces & Flails | 3 4 5 6 7 |  7.5
Fighting       | 4 5 6 7 |  7.3
Dodging        | 4 5 6 |  6.7
Shields        | 4 5 6 |  6.7
Stealth        | 2 |  2.0
Invocations    | 1 |  1.4

Action                   |  1- 3 |  4- 6 |  7- 9 || total
-------------------------+-------+-------+-------++-------
Melee: Flail             |    80 |    55 |   128 ||   263
       Constrict         |    27 |    19 |    24 ||    70
       Tentacles         |    18 |    11 |    37 ||    66
Evoke: Wand              |       |       |     2 ||     2
  Use: Potion            |     2 |     1 |     4 ||     7
       Scroll            |       |    14 |     6 ||    20
 Stab: Sleeping          |     4 |     4 |     5 ||    13
       Paralysed         |       |       |     3 ||     3
  Eat: Chunk             |     1 |     5 |     7 ||    13
       Ration            |       |       |     1 ||     1
Armor: Skin              |    11 |       |     2 ||    13
Dodge: Dodged            |    43 |    17 |    74 ||   134
Block: Shield            |    37 |    21 |    83 ||   141

Table legend:
 A = Non-vault XP
 B = Vault XP
 C = Vault XP percentage of total XP
 D = Non-vault monster count
 E = Vault monster count
 F = Vault count percentage of total count
                 A         B        C        D         E       F
            +---------+---------+-------+---------+---------+-------
      Total |    2146 |    2058 |  49.0 |     103 |      10 |   8.8
            +---------+---------+-------+---------+---------+-------
        D:1 |      44 |       0 |   0.0 |      26 |       0 |   0.0
        D:2 |     148 |       0 |   0.0 |      25 |       0 |   0.0
        D:3 |     192 |      35 |  15.4 |      10 |       1 |   9.1
        D:4 |      96 |       0 |   0.0 |      10 |       0 |   0.0
        D:5 |     536 |     882 |  62.2 |      10 |       3 |  23.1
        D:6 |     371 |     409 |  52.4 |       6 |       2 |  25.0
        D:7 |     713 |     732 |  50.7 |      15 |       4 |  21.1
        D:8 |      46 |       0 |   0.0 |       1 |       0 |   0.0
            +---------+---------+-------+---------+---------+-------
